 Dungeon Crawl Stone Soup version 0.28.0-43-g3370ac3207 (webtiles) character file.

Game seed: 10923395162221678973

10519 adizb the Cleaver (level 11, 0/100 HPs)
             Began as a Deep Dwarf Berserker on Mar 8, 2022.
             Was a Priest of Trog.
             Slain by an 11-headed hydra (6 damage)
             ... on level 1 of the Lair of Beasts.
             The game lasted 00:37:43 (7034 turns).

adizb the Cleaver (Deep Dwarf Berserker)            Turns: 7034, Time: 00:37:45

Health: 0/100      AC: 15    Str: 25    XL:     11   Next: 37%
Magic:  10/10      EV: 16    Int:  3    God:    Trog [***...]
Gold:   556        SH:  0    Dex: 20    Spells: 10/10 levels left

rFire   + . .      SeeInvis .   j - +6 battleaxe of the Dwarven Hall {speed, rElec rN+ Will++ Int-5}
rCold   . . .      Faith    .   (shield currently unavailable)
rNeg    + . .      Spirit   .   Q - +3 ring mail
rPois   .          Reflect  .   c - +1 helmet
rElec   +          Harm     .   (no cloak)
rCorr   .          Rampage  .   C - +1 pair of gloves
Will    +++++                   (no boots)
Stlth   +.........              (no amulet)
HPRegen 1.00/turn               d - +4 ring of slaying
MPRegen 0.12/turn               H - +6 ring of dexterity

@: strong-willed, regenerating
A: damage resistance, heal wounds, sense surroundings 2, no regeneration, agile
1, fire resistance 1
a: Heal Wounds, Renounce Religion, Berserk, Trog's Hand


You were on level 1 of the Lair of Beasts.
You worshipped Trog.
Trog was most pleased with you.
You visited 2 branches of the dungeon, and saw 11 of its levels.
You also visited: Sewer.

You collected 556 gold pieces.

Inventory:

Hand Weapons
 a - a +3 hand axe of venom
 j - the +6 battleaxe of the Dwarven Hall (weapon) {speed, rElec rN+ Will++ Int-5}
   (You acquired it on level 9 of the Dungeon)

   Attacks with this weapon are significantly faster.
   Int:       It affects your intelligence (-5).
   rElec:     It insulates you from electricity.
   rN:        It protects you from negative energy.
   Will:      It greatly increases your willpower.
 K - a +0 hand axe
 O - a +2 vorpal broad axe
Missiles
 k - 18 poisoned darts (quivered)
 u - a throwing net
Armour
 c - a +1 helmet (worn)
 o - a +0 chain mail
 x - +0 steam dragon scales
 C - a +1 pair of gloves (worn)
 P - a +1 kite shield
 Q - a +3 ring mail (worn)
Jewellery
 d - a +4 ring of slaying (left hand)
 z - a ring of protection from cold
 H - a +6 ring of dexterity (right hand)
Wands
 y - a wand of flame (43)
 E - a wand of charming (6)
 F - a wand of iceblast (13)
 G - a wand of digging (7)
 I - a wand of paralysis (7)
 M - a wand of acid (3)
 R - a wand of mindburst (4)
Scrolls
 h - a scroll of silence
 n - a scroll of fear
 w - 3 scrolls of teleportation
 A - 2 scrolls of blinking
 J - a scroll of fog
Potions
 b - 5 potions of attraction
 e - 5 potions of curing
 f - a potion of flight {unknown}
 g - 3 potions of heal wounds
 i - 2 potions of mutation
 m - 2 potions of lignification {unknown}
 p - a potion of experience {unknown}
 q - 2 potions of degeneration
 r - a potion of invisibility
 t - 2 potions of cancellation
 v - 3 potions of magic
 B - a potion of berserk rage {unknown}
 D - a potion of might {unknown}
 L - a potion of resistance {unknown}


   Skills:
 + Level 7.3 Fighting
 * Level 11.9 Axes
 * Level 11.7 Armour
 + Level 8.3 Dodging


You had 10 spell levels left.
You didn't know any spells.
Your spell library was empty.

Dungeon Overview and Level Annotations

Branches:
Dungeon (10/15)            Temple (0/1) D:6            Lair (1/6) D:9
  Sewer (visited)
    Orc: D:9-12

Altars:
Qazlal
Trog
Wu Jian
Yredelemnul

Shops:
D:6 [   D:9 *


Innate Abilities, Weirdness & Mutations

You are resistant to damage.
You can heal yourself by infusing magical energy.
You passively map the area around you.
You do not regenerate.
You are agile. (Dex +2)
Your flesh is heat resistant. (rF+)


Message History

The 11-headed hydra misses you. x2
The 11-headed hydra completely misses you.
The 11-headed hydra barely misses you.
The 11-headed hydra bites you but does no damage.
The 11-headed hydra bites you! The 11-headed hydra misses you.
The 11-headed hydra bites you but does no damage. x2
You barely miss the 11-headed hydra.
The 11-headed hydra is severely wounded.
The 11-headed hydra misses you.
The 11-headed hydra completely misses you.
The 11-headed hydra bites you but does no damage.
The 11-headed hydra closely misses you.
The 11-headed hydra bites you but does no damage.
The 11-headed hydra misses you. The 11-headed hydra bites you!
* * * LOW HITPOINT WARNING * * *
The 11-headed hydra barely misses you.
The 11-headed hydra bites you but does no damage.
The 11-headed hydra closely misses you. The 11-headed hydra barely misses you.
You completely miss the 11-headed hydra.
The 11-headed hydra is severely wounded.
The 11-headed hydra bites you!
* * * LOW HITPOINT WARNING * * *
The 11-headed hydra barely misses you. The 11-headed hydra bites you.
* * * LOW HITPOINT WARNING * * *
The 11-headed hydra bites you but does no damage.
The 11-headed hydra completely misses you.
The 11-headed hydra bites you.
* * * LOW HITPOINT WARNING * * *
The 11-headed hydra barely misses you.
The 11-headed hydra bites you but does no damage.
The 11-headed hydra barely misses you. The 11-headed hydra closely misses you.
The 11-headed hydra misses you. The 11-headed hydra barely misses you.
The 11-headed hydra bites you!
* * * LOW HITPOINT WARNING * * *
The 11-headed hydra barely misses you. x3; The 11-headed hydra misses you.
The 11-headed hydra barely misses you. The 11-headed hydra bites you.
* * * LOW HITPOINT WARNING * * *
The 11-headed hydra bites you but does no damage.
The 11-headed hydra misses you. The 11-headed hydra bites you!
You die...

,, , .. *
*###.... * , ,
..# *.#..... * ,
, ..#####.......
, ,
#..≈.≈....... ,,
,,
##..≈≈≈≈≈.≈... *
*
#.≈≈≈≈≈≈≈≈≈...,
* , ,
#.≈≈≈≈≈≈≈≈≈≈.# ,
, ,
#.≈≈≈≈D≈≈≈≈..# *
#≈≈≈≈.@.≈≈≈$## *
#.≈≈≈≈.≈≈≈≈.# ,
*, **
#.≈≈≈≈≈≈≈≈≈.#***
, #.≈≈≈≈≈≈≈≈≈.#*
,, , *
##.≈≈≈≈≈≈≈.... ,
, *
##.≈.≈≈..##.. ,
* ####≈P### ..,
, ** ** #### ,,
, , * , ,, * ,


You could see a 11-headed hydra.

Vanquished Creatures
  2 two-headed ogres
  Pikel (D:4)
  A deep elf pyromancer (D:10)
  The ghost of Minsecho the Sneak, a novice OpFi of Ashenzari (D:5)
  Prince Ribbit (D:8)
  Sigmund (D:4)
  Eustachio (D:6)
  3 wyverns
  The ghost of Icepheonix32 the Firebug, an amateur DrFE (D:3)
  3 steam dragons
  Edmund (D:6)
  3 water moccasins
  6 orc warriors
  2 sky beasts
  An ogre (D:4)
  A hornet zombie (D:7)
  3 necrophages
  3 centaurs
  2 lemures (D:4)
  5 bullfrogs
  A wyvern zombie (D:7)
  A water moccasin zombie (D:5)
  8 killer bees
  4 howler monkeys (D:8)
  A bullfrog zombie (D:3)
  A centaur zombie (D:3)
  5 hounds
  A jelly (D:8)
  4 orc priests
  2 centaur skeletons
  2 gnoll shamans (D:4)
  3 iguanas (D:6)
  11 orc wizards
  A howler monkey zombie (D:8)
  18 gnolls
  7 river rats
  9 adders
  An adder skeleton (D:4)
  A worm (D:3)
  2 dart slugs
  31 orcs
  13 endoplasms
  6 giant cockroaches
  9 hobgoblins
  6 kobolds
  3 quokkas
  15 ball pythons
  6 bats
  7 frilled lizards
  7 goblins
  28 rats
256 creatures vanquished.

Vanquished Creatures (collateral kills)
  A tengu warrior (D:9)
  2 two-headed ogres (D:9)
  The ghost of yahweh the Cleaver, a novice DrBe of Trog (D:9)
  A moth of wrath (D:9)
5 creatures vanquished.

Vanquished Creatures (others)
  An orc (D:7)
1 creature vanquished.

Grand Total: 262 creatures vanquished

Notes
Turn   | Place    | Note
-------+----------+-------------------------------------------
     0 | D:1      | adizb the Deep Dwarf Berserker began the quest for the Orb.
     0 | D:1      | Reached XP level 1. HP: 20/20 MP: 1/1
   160 | D:1      | Reached XP level 2. HP: 24/27 MP: 2/2
   715 | D:1      | Found a faded altar of an unknown god.
   890 | D:1      | Reached XP level 3. HP: 33/33 MP: 3/3
  1037 | D:2      | Reached ** piety under Trog
  1184 | D:3      | Reached XP level 4. HP: 33/42 MP: 4/4
  1187 | D:3      | Found a stormy altar of Qazlal.
  1275 | D:3      | Reached XP level 5. HP: 37/49 MP: 5/5
  1400 | D:3      | Found a transporter.
  1400 | D:3      | Noticed a necrophage
  1447 | D:3      | Found a transporter.
  1449 | D:3      | Noticed Icepheonix32's ghost (amateur DrFE)
  1654 | D:3      | Killed Icepheonix32's ghost
  1655 | D:3      | Reached skill level 5 in Axes
  1655 | D:3      | Reached XP level 6. HP: 36/56 MP: 6/6
  1667 | D:3      | Reached skill level 5 in Armour
  1728 | D:4      | Noticed an orc warrior
  1737 | D:3      | Killed an orc warrior
  1738 | D:3      | Reached XP level 7. HP: 33/63 MP: 6/6
  1762 | D:4      | Noticed Sigmund
  1819 | D:3      | Gained mutation: You tend to lose your temper in combat.
                  | [potion of mutation]
  1819 | D:3      | Lost mutation: You tend to lose your temper in combat.
                  | [potion of mutation]
  1819 | D:3      | Gained mutation: You have hidden genetic potential. [potion
                  | of mutation]
  1955 | D:4      | You fall into a shaft and drop 1 floor!
  1955 | D:5      | Entered Level 5 of the Dungeon
  2157 | D:5      | Found a runed translucent door.
  2159 | D:5      | Noticed Minsecho's ghost (novice OpFi)
  2285 | D:5      | Reached XP level 8. HP: 60/72 MP: 7/7
  2297 | D:5      | Found a glowing drain.
  2313 | Sewer    | Entered a sewer
  2389 | Sewer    | Reached *** piety under Trog
  2459 | Sewer    | Gained mutation: Your flesh is heat resistant. (rF+)
                  | [hidden potential]
  2738 | D:4      | Reached skill level 5 in Dodging
  2775 | D:4      | Reached **** piety under Trog
  2839 | D:4      | Noticed Pikel
  2865 | D:4      | Killed Pikel
  2866 | D:4      | Reached skill level 5 in Fighting
  2870 | D:4      | Killed Sigmund
  2871 | D:4      | Gained mutation: You passively map the area around you.
                  | [Deep Dwarf growth]
  2871 | D:4      | Reached XP level 9. HP: 59/81 MP: 8/8
  2955 | D:4      | Gained mutation: You are agile. (Dex +2) [hidden potential]
  2955 | D:4      | Lost mutation: You have hidden genetic potential. [hidden
                  | potential expressed]
  3686 | D:5      | Killed Minsecho's ghost
  3957 | D:6      | Noticed Eustachio
  3963 | D:6      | Killed Eustachio
  4002 | D:6      | Noticed Edmund
  4012 | D:6      | Killed Edmund
  4058 | D:6      | Found Naqeep's Armour Shop.
  4198 | D:6      | Found a staircase to the Ecumenical Temple.
  4513 | D:7      | Noticed a two-headed ogre
  4526 | D:7      | Killed a two-headed ogre
  4527 | D:7      | Reached XP level 10. HP: 58/91 MP: 9/9
  4761 | D:7      | Reached skill level 10 in Axes
  5003 | D:8      | Reached skill level 10 in Armour
  5014 | D:8      | Found an ornate altar of the Wu Jian Council.
  5022 | D:8      | Noticed Prince Ribbit
  5032 | D:8      | Killed Prince Ribbit
  5039 | D:8      | Found a basalt altar of Yredelemnul.
  5723 | D:9      | Found a bloodstained altar of Trog.
  5723 | D:9      | Noticed a moth of wrath
  5723 | D:9      | Noticed yahweh's ghost (novice DrBe)
  5723 | D:9      | Noticed a two-headed ogre
  5723 | D:9      | Noticed a two-headed ogre
  5825 | D:9      | Found Heaxtuin's Assorted Antiques.
  5830 | D:9      | Found a staircase to the Lair.
  6017 | D:9      | Found a transporter.
  6017 | D:9      | Noticed a tengu warrior
  6018 | D:9      | Found a transporter.
  6267 | D:9      | Killed a moth of wrath
  6269 | D:9      | Killed a two-headed ogre
  6270 | D:9      | Killed a two-headed ogre
  6271 | D:9      | Reached XP level 11. HP: 100/100 MP: 10/10
  6279 | D:9      | Killed a tengu warrior
  6285 | D:9      | Killed yahweh's ghost
  6356 | D:10     | Entered Level 10 of the Dungeon
  6753 | D:10     | Noticed a deep elf pyromancer
  6766 | D:10     | Killed a deep elf pyromancer
  6864 | D:10     | Noticed a two-headed ogre
  6873 | D:10     | Killed a two-headed ogre
  7000 | Lair:1   | Entered Level 1 of the Lair of Beasts
  7001 | Lair:1   | Noticed a five-headed hydra
  7010 | D:9      | Identified a scroll of acquirement
  7010 | D:9      | Acquired the +6 battleaxe of the Dwarven Hall {speed, rElec
                  | rN+ Will++ Int-5}
  7034 | Lair:1   | Slain by an 11-headed hydra

Illustrated notes

Levels and vault maps discovered:
D:1:      shiori_arrival_maze, layout_loops_ring,
          shapermc_ecumenical_altar_mp_highgroup, minmay_misc_feat_roman,
          nrook_uturn, hangedman_abyss_or_decor_stabs
D:2:      layout_rooms
D:3:      layout_rooms, nicolae_qazlal_scattered_showers,
          gammafunk_ghost_mausoleum
D:4:      layout_basic, uniq_pikel, uniq_sigmund
D:5:      layout_layer_cave, portal_sewer_entry_e, ebering_ghost_sewer_d
D:6:      layout_loops_ring, minmay_temple_entry_drinking_statues, serial_shops,
          shop, uniq_eustachio, uniq_edmund
D:7:      layout_basic, amcnicky_mini_pool_small,
          hangedman_abyss_or_decor_passed
D:8:      layout_rooms, mainiacjoe_overflow_alcove_1,
          pdpol_wu_jian_five_deadly_venoms, minivault_21, uniq_prince_ribbit1
D:9:      layout_basic, dpeg_oklobed_lair, serial_shops, shop,
          gammafunk_ghost_wrathful_warriors
D:10:     layout_irregular_city
Lair:1:   layout_cave_pods, infiniplex_staircase_pool_2

Skill      XL: |  1  2  3  4  5  6  7  8  9 10 11 |
---------------+----------------------------------+-----
Armour         | 3 4 5 6 7 9 11 | 11.7
Fighting       | 3 4 5 6 7 |  7.3
Axes           | 4 5 6 8 9 11 | 11.9
Dodging        | 3 4 5 6 7 8 |  8.3

Action                   |  1- 3 |  4- 6 |  7- 9 | 10-12 || total
-------------------------+-------+-------+-------+-------++-------
Melee: Hand axe          |    67 |    96 |   297 |   154 ||   614
       Punch             |     1 |     2 |     4 |     2 ||     9
       Broad axe         |       |       |       |    34 ||    34
       Battleaxe         |       |       |       |    12 ||    12
Throw: Dart              |       |       |     2 |     3 ||     5
Invok: Berserk           |     2 |       |     3 |     3 ||     8
       Trog's Hand       |       |     2 |    11 |    11 ||    24
       Brothers in Arms  |       |       |       |     1 ||     1
 Abil: Heal Wounds       |     1 |     1 |       |       ||     2
  Use: Potion            |     2 |     2 |     1 |     2 ||     7
       Scroll            |     1 |     1 |     8 |    12 ||    22
 Stab: Sleeping          |     2 |       |       |       ||     2
       Invisible         |       |       |       |     2 ||     2
Armor: Animal skin       |     4 |       |       |       ||     4
       Scale mail        |    10 |    53 |       |       ||    63
       Chain mail        |       |       |   133 |    67 ||   200
       Ring mail         |       |       |       |    32 ||    32
Dodge: Dodged            |    35 |    38 |   157 |   186 ||   416
